 Dungeon Crawl Stone Soup version 0.27-a0-1140-g099f9bb0e8 (webtiles) character file.

Game seed: 8722201151704241184

3 voltaire321 the Ducker (level 1, -1/16 HPs)
             Began as a Demonspawn Gladiator on May 9, 2021.
             Splashed by a jelly's acid (5 damage)
             ... on level 1 of the Dungeon.
             The game lasted 00:00:21 (28 turns).

voltaire321 the Ducker (Demonspawn Gladiator)         Turns: 28, Time: 00:00:21

Health: -1/16      AC:  4    Str: 14    XL:     1   Next: 41%
Magic:  1/1        EV: 12    Int:  9    God:
Gold:   13         SH:  0    Dex: 14    Spells: 0/0 levels left

rFire    . . .     SeeInvis .   a - +0 war axe
rCold    . . .     Faith    .   (no shield)
rNeg     . . .     Spirit   .   b - +0 leather armour
rPois    .         Reflect  .   c - +0 helmet
rElec    .         Harm     .   (no cloak)
rCorr    .         Rampage  .   (no gloves)
Will     .....                  (no boots)
Stlth    +.........             (no amulet)
HPRegen  0.05/turn              (no ring)
MPRegen  0.07/turn              (no ring)

@: no status effects
A: no striking features
a: no special abilities


You were on level 1 of the Dungeon.
You visited 1 branch of the dungeon, and saw 1 of its levels.

You collected 13 gold pieces.

Inventory:

Hand Weapons
 a - a +0 war axe (weapon)
Missiles
 d - 3 throwing nets (quivered)
Armour
 b - a +0 leather armour (worn)
 c - a +0 helmet (worn)
Scrolls
 e - a scroll of amnesia {unknown}


   Skills:
 + Level 2.0 Fighting
 + Level 2.7 Axes
 - Level 1.7 Throwing
 + Level 0.2 Armour
 + Level 2.7 Dodging


You couldn't memorise any spells.
You didn't know any spells.
Your spell library was empty.

Dungeon Overview and Level Annotations

Branches:
Dungeon (1/15)

Altars:


Message History

The jackal misses you.
You closely miss the jackal.
The jackal is almost dead.
The jackal bites you. The jackal closely misses you.
You miss the jackal.
The jackal is almost dead.
The jackal pauses to sniff the ground.
The jackal misses you. The jackal closely misses you.
You hit the jackal.
You kill the jackal!
The rat twitches its whiskers.
The rat barely misses you.
You slash the rat!
You kill the rat!
You closely miss the jackal. You hit the jackal. The jackal closely misses you.
The jackal bites you.
The jelly jiggles.
The jackal barely misses you.
The jackal pauses to sniff the ground.
The jackal barely misses you.
You closely miss the jackal. x2; The jackal barely misses you.
The jackal bites you. The jackal closely misses you.
You closely miss the jackal. You miss the jackal.
The jackal bites you but does no damage.
The endoplasm jiggles.
The jackal bites you. The jackal barely misses you. x2
You barely miss the jackal. You hit the jackal.
You kill the jackal!
The jackal bites you but does no damage.
The jelly barely misses you. The jackal closely misses you.
You barely miss the jackal. You barely miss the jelly.
The jackal barely misses you. The jelly barely misses you.
You hit the jackal but do no damage. You slash the jelly!
Your hands burn!
* * * LOW HITPOINT WARNING * * *
The jackal bites you but does no damage.
The jelly hits you but does no damage. The jackal barely misses you.
You hit the jackal.
The jackal is heavily wounded.
You hit the jelly.
Your hands burn!
You die...

###############
#.....hBB.....#
#....JhBwr....#
#....hJJBJ....#
#######J#######
#.....@h......#
+⌠....###....⌠+
#......<......#
#..⌠...>...⌠..#
###+#######+###


You could see a worm, 2 jellies, 3 endoplasms, 4 jackals, 4 giant cockroaches
and a rat.

Vanquished Creatures
  2 jackals (D:1)
  A rat (D:1)
3 creatures vanquished.

Notes
Turn   | Place    | Note
-------+----------+-------------------------------------------
     0 | D:1      | voltaire321 the Demonspawn Gladiator began the quest for
                  | the Orb.
     0 | D:1      | Reached XP level 1. HP: 16/16 MP: 1/1
     0 | D:1      | Noticed a jelly
     1 | D:1      | Found a runed translucent door.
     4 | D:1      | Noticed a jelly
    28 | D:1      | Splashed by a jelly's acid

Illustrated notes

Levels and vault maps discovered:
D:1:      dpeg_arrival_caged_fury, layout_basic,
          chequers_ecumenical_altar_simple_redux

Action                   || total
-------------------------++-------
Melee: War axe           ||    13
Armor: Leather armour    ||     4
Dodge: Dodged            ||    21

Table legend: (Time is in decaauts)
 A = Elapsed time spent in this place.
 B = Non-inter-level travel time spent in this place.
 C = Inter-level travel time spent in this place.
 D = Time resting spent in this place.
 E = Time spent auto-exploring this place.
 F = Levels seen in this place.
 G = Mean time per level.
                   A        B        C        D        E       F      G
               +--------+--------+--------+--------+--------+-----+--------+
         Total |     32 |     32 |      0 |      0 |      0 |   1 |   32.0 |
       Dungeon |     32 |     32 |      0 |      0 |      0 |   1 |   32.0 |
               +--------+--------+--------+--------+--------+-----+--------+

Top non-repeatable levels by time:
     D:1: 32 daAuts
